 Dungeon Crawl Stone Soup version 0.31.0 (webtiles) character file.

Game seed: 14058218798885048079

130 LustLizard the Chopper (level 4, 0/41 HPs)
             Began as a Minotaur Berserker on Jan 19, 2024.
             Was a Believer of Trog.
             Killed from afar by Natasha (4 damage)
             ... with a magic dart
             ... on level 2 of the Dungeon.
             The game lasted 00:02:47 (1437 turns).

LustLizard the Chopper (Minotaur Berserker)         Turns: 1437, Time: 00:02:48

Health: 0/41       AC: 11    Str: 22    XL:     4   Next: 89%
Magic:  3/3        EV:  6    Int:  6    God:    Trog [**....]
Gold:   50         SH:  0    Dex:  9    Spells: 3/3 levels left

rFire   . . .        b - +0 war axe
rCold   . . .        (no shield)
rNeg    . . .        h - +0 plate armour
rPois   .            (helmet restricted)
rElec   .            (no cloak)
rCorr   .            (no gloves)
SInv    +            (no boots)
Will    .....        (no amulet) Stlth
                     e - ring of see invisible
HPRegen 0.26/turn    (no ring)
MPRegen 0.08/turn

%: no passive effects
@: slowed, very slow
A: horns 2, retaliatory headbutt
a: Renounce Religion, Berserk, Trog's Hand


You were on level 2 of the Dungeon.
You worshipped Trog.
Trog was pleased with you.
You visited 1 branch of the dungeon, and saw 2 of its levels.

You collected 50 gold pieces.

Inventory:

Hand Weapons
 b - a +0 war axe (weapon)
Missiles
 d - 23 stones (quivered)
Armour
 h - a +0 plate armour (worn)
Jewellery
 e - a ring of see invisible (left hand)
Scrolls
 f - 2 scrolls of identify {unknown}
 g - a scroll of poison {unknown}
 j - a scroll of enchant weapon {unknown}
 k - a scroll of fear {unknown}
 l - a scroll of teleportation {unknown}
Potions
 a - a potion of ambrosia {unknown}
 c - a potion of attraction {unknown}
 i - a potion of enlightenment {unknown}


   Skills:
 + Level 4.6 Fighting
 * Level 5.4 Axes
 + Level 2.0 Throwing
 - Level 2.4 Armour
 - Level 2.1 Dodging


You had 3 spell levels left.
You didn't know any spells.
Your spell library was empty.

Dungeon Overview and Level Annotations

Branches:
Dungeon (2/15)

Altars:
The Shining One

Annotations:
D:2 Natasha


Innate Abilities, Weirdness & Mutations

You have a pair of horns on your head.
You reflexively headbutt those who attack you in melee.


Message History

You barely miss Natasha. You headbutt Natasha.
You kill Natasha!
Trog accepts your kill.
Trog appreciates your killing of a magic user.
You can now call upon Trog for regeneration and willpower.
Natasha growls in agony!
Your Throwing skill increases to level 2!
You start resting.
Natasha, Servant of Life and Death comes into view.
Things that are here:
a +0 dagger; a goblin corpse; a frilled lizard corpse Natasha stares at you and mumbles some strange words.
The magic dart hits you.
You see here an adder corpse.
Natasha mumbles some strange words.
Natasha stares at you and mumbles some strange words.
The magic dart hits you but does no damage.
Natasha barely misses you.
You barely miss Natasha.
The cerulean imp hits you but does no damage.
Natasha claws you but does no damage.
The cerulean imp hits you from afar with a +1 spear.
You barely miss Natasha. Natasha claws you.
The cerulean imp hits you from afar with a +1 spear.
* * * LOW HITPOINT WARNING * * *
Natasha claws you!
* * * LOW HITPOINT WARNING * * *
The cerulean imp barely misses you.
Unknown command.
You barely miss Natasha. Natasha claws you but does no damage.
The cerulean imp hits you but does no damage.
Natasha casts a spell at you.
The magic dart hits you but does no damage.
The cerulean imp barely misses you.
You hit Natasha.
Natasha is lightly wounded.
Natasha casts a spell at you. The magic dart hits you.
You die...
Natasha curls up and begins to purr.

#...#. #.5.# ..###...####
....##..#.# ........#
#....h##.# #.####.##
#........ #.# ##).####.##
##'## #.#.###.†##.....#
##...## #....).###.##..##
##.....## .....##.#
#...>..###.......##
.###.#..###h@....##.........#
..........5.......'.........+
.###.######......##.........#
#. #......###.......## #
#.....## ##.....## #.....##
##...## #.##### ##'## #. #.#
#. #.#


You could see Natasha and a cerulean imp (summoned).

Vanquished Creatures
  Jessica (D:2)
  Natasha (twice) (D:2)
  3 adders (D:2)
  A dart slug (D:1)
  An endoplasm (D:1)
  A giant cockroach (D:2)
  4 goblins
  4 hobgoblins
  A kobold (D:2)
  2 quokkas (D:1)
  A ball python (D:1)
  A bat (D:1)
  2 frilled lizards (D:2)
  3 rats
27 creatures vanquished.

Notes
Turn   | Place    | Note
-------+----------+-------------------------------------------
     0 | D:1      | LustLizard the Minotaur Berserker began the quest for the
                  | Orb.
     0 | D:1      | Reached XP level 1. HP: 19/19 MP: 0/0
   235 | D:1      | Reached skill level 4 in Axes
   244 | D:1      | Reached XP level 2. HP: 27/27 MP: 1/1
   248 | D:1      | You fall into a shaft and drop 1 floor!
   291 | D:2      | Found a faded altar of an unknown god.
   911 | D:2      | Reached skill level 1 in Throwing
  1102 | D:2      | Found a glowing golden altar of the Shining One.
  1107 | D:2      | Noticed Jessica
  1113 | D:2      | Reached XP level 3. HP: 28/33 MP: 2/2
  1125 | D:2      | Killed Jessica
  1360 | D:2      | Noticed Natasha
  1365 | D:2      | Reached XP level 4. HP: 41/41 MP: 3/3
  1369 | D:2      | Reached skill level 5 in Axes
  1377 | D:2      | Killed Natasha
  1393 | D:2      | Noticed Natasha
  1419 | D:2      | Killed Natasha
  1419 | D:2      | Reached ** piety under Trog
  1423 | D:2      | Noticed Natasha
  1437 | D:2      | Killed from afar by Natasha

Illustrated notes

Levels and vault maps discovered:
D:1:      roderic_crop_circles_arrival_small, layout_basic
D:2:      layout_loops_corners, basic_altar, dreamdust_ecumenical_altar_grove,
          dreamdust_mushroom_princess, minmay_bisected, uniq_natasha,
          uniq_jessica

Skill      XL: |  1  2  3  4 |
---------------+-------------+-----
Axes           | 4 5 |  5.4
Fighting       | 4 |  4.6
Throwing       | 1 2 |  2.0
Armour         | |  2.4
Dodging        | |  2.1

Action                     |  1- 3 |  4- 6 || total
---------------------------+-------+-------++-------
  Melee: Hand axe          |    31 |       ||    31
         Headbutt          |     7 |     2 ||     9
         War axe           |    14 |    19 ||    33
  Throw: Stone             |     4 |       ||     4
 Armour: Animal skin       |    11 |       ||    11
         Plate armour      |    18 |    42 ||    60
  Dodge: Dodged            |    25 |    11 ||    36
